 Dungeon Crawl Stone Soup version 0.27.0-1-g7a089689b8 (webtiles) character file.

Game seed: 3179834195056041270

62310 sasquatch the Fencer (level 14, -3/133 HPs)
             Began as a Minotaur Berserker on July 31, 2021.
             Was the Champion of Trog.
             Shot with a bolt by an orc warrior (14 damage)
             ... on level 2 of the Orcish Mines.
             The game lasted 00:39:34 (24668 turns).

sasquatch the Fencer (Minotaur Berserker)          Turns: 24668, Time: 00:39:35

Health: -3/133     AC: 27    Str: 27    XL:     14   Next: 63%
Magic:  13/13      EV:  9    Int:  4    God:    Trog [******]
Gold:   1680       SH:  0    Dex: 14    Spells: 13/13 levels left

rFire    + . .     SeeInvis .   X - +1 scimitar (flame)
rCold    . . .     Faith    .   (no shield)
rNeg     . . .     Spirit   .   v - +3 plate armour {rPois}
rPois    +         Reflect  .   (helmet restricted)
rElec    .         Harm     .   a - +1 cloak
rCorr    .         Rampage  .   r - +1 pair of gloves
Will     +....                  O - +0 pair of boots
Stlth    ..........             (no amulet)
HPRegen  0.32/turn              y - ring "Guvvaduc" {rF+ Dex+4}
MPRegen  0.13/turn              g - ring of flight

@: on berserk cooldown, flying, slowed, very slow
A: horns 2, retaliatory headbutt
a: Renounce Religion, Berserk, Trog's Hand, Brothers in Arms


You were on level 2 of the Orcish Mines.
You worshipped Trog.
Trog was exalted by your worship.
You visited 3 branches of the dungeon, and saw 19 of its levels.

You collected 1680 gold pieces.

Inventory:

Hand Weapons
 h - a +4 triple sword
 m - the +7 glaive of Death {vorpal, Will+ Str+6}
   (Trog gifted it to you on level 4 of the Lair of Beasts)

   It inflicts extra damage upon your enemies.
   Str:       It affects your strength (+6).
   Will:      It increases your willpower.
 U - a +2 short sword of venom
 X - a +1 scimitar of flaming (weapon)
Missiles
 p - 2 datura-tipped darts
 t - 19 curare-tipped darts (quivered)
 z - 8 atropa-tipped darts
 A - 46 poisoned darts
 K - 8 silver javelins
 Y - 10 boomerangs
Armour
 a - a +1 cloak (worn)
 r - a +1 pair of gloves (worn)
 v - a +3 plate armour of poison resistance (worn)
 O - a +0 pair of boots (worn)
Jewellery
 d - a ring of poison resistance
 g - a ring of flight (right hand)
 y - the ring "Guvvaduc" (left hand) {rF+ Dex+4}
   (You found it on level 4 of the Lair of Beasts)

   [ring of protection from fire]

   Dex:       It affects your dexterity (+4).
   rF:        It protects you from fire.
 J - a ring of resist corrosion
Wands
 j - a wand of polymorph (4)
 q - a wand of iceblast (28)
 I - a wand of acid (14)
Scrolls
 c - 3 scrolls of immolation
 n - 2 scrolls of enchant weapon
 x - 2 scrolls of enchant armour
 C - a scroll of fog
 E - a scroll of fear
 G - a scroll of magic mapping
Potions
 e - 3 potions of heal wounds
 i - 4 potions of lignification
 k - a potion of cancellation {unknown}
 l - 3 potions of flight
 o - 7 potions of curing
 s - 2 potions of invisibility
 u - 2 potions of attraction
 w - 3 potions of ambrosia
 F - 2 potions of resistance
 M - a potion of mutation
 T - a potion of might
 Z - a potion of haste
Miscellaneous
 H - a phantom mirror
 R - a tin of tremorstones (2/2)


   Skills:
 + Level 14.7 Fighting
 * Level 19.9 Long Blades
 + Level 16.4 Armour
 - Level 2.1 Dodging


You had 13 spell levels left.
You didn't know any spells.
Your spell library was empty.

Dungeon Overview and Level Annotations

Branches:
Dungeon (11/15)            Temple (0/1) D:7            Lair (6/6) D:8
 Shoals (0/4) Lair:4       Spider (0/4) Lair:3        Slime (0/5) Lair:6
    Orc (2/2) D:11            Elf (0/3) Orc:2

Altars:
Cheibriados
Dithmenos
Elyvilon
Gozag
Hepliaklqana
Okawaru
Sif Muna
Trog
Beogh

Shops:
D:2 :   D:10 *

Annotations:
Lair:1 exclusion: 4 oklob plants
Orc:2 Saint Roka


Innate Abilities, Weirdness & Mutations

You have a pair of horns on your head.
You reflexively headbutt those who attack you in melee.


Message History

Saint Roka mumbles some strange prayers to Beogh against you.
Beogh smites you!
* * * LOW HITPOINT WARNING * * *
You completely miss the orc warrior.
The orc warrior is lightly wounded.
The orc warrior shoots a bolt.
The bolt hits you.
* * * LOW HITPOINT WARNING * * *
Your magical contamination has completely faded away.
You slash the orc warrior! You burn the orc warrior.
The orc warrior is heavily wounded.
The orc warrior hits you but does no damage.
The orc warrior hits you from afar with a +2 trident of protection!
* * * LOW HITPOINT WARNING * * *
Saint Roka invokes the aid of Beogh against you.
Beogh smites you!
* * * LOW HITPOINT WARNING * * *
You hear a howl!
You slice the orc!! You burn the orc.
You kill the orc!
Trog accepts your kill.
You are no longer berserk.
You are exhausted.
You feel yourself slow down. The orc closely misses you.
The orc knight roars a battlecry!
The orc warrior goes into a battle-frenzy!
The orc warrior shoots a bolt.
The bolt closely misses you.
You hear a shout! x2
Okay, then.
You feel much better.
The orc warrior hits you with a +0 trident.
* * * LOW HITPOINT WARNING * * *
The orc warrior hits you from afar with a +2 trident of protection.
* * * LOW HITPOINT WARNING * * *
Saint Roka calls down the wrath of Beogh upon you.
Beogh smites you!
* * * LOW HITPOINT WARNING * * *
The orc warrior shoots a bolt.
The bolt hits you but does no damage.
The orc knight roars a battlecry!
The orc warrior shoots a bolt.
The bolt hits you!
You die...

###################
#.....#..##.......#
..........)........
......oo)o)........
......)@To)........
........)..........
...................
...................
...........oo......
...................
...o..........o...
...............


You could see Saint Roka (strong), an orc knight, a troll, 5 orc warriors and an
orc (strong).

Vanquished Creatures
  The ghost of Kaofid the Geomancer, a journeyman GrEE of Vehumet (Lair:5)
  The ghost of Jeban the Spear-Bearer, a journeyman OpFi of Gozag (Lair:5)
  Josephine (D:10)
  2 boulder beetles
  6 hydras
  2 catoblepae (Lair:6)
  Erica (D:10)
  3 two-headed ogres
  A deep troll shaman (Lair:6)
  11 death yaks (Lair:6)
  Sonja (D:11)
  A lindwurm (Lair:6)
  2 orc knights (Orc:2)
  An orc sorcerer (Orc:2)
  2 oklob plants (Lair:3)
  10 elephants (Lair:6)
  Maurice (D:9)
  3 black mambas
  2 rime drakes
  An efreet (D:11)
  Psyche (D:8)
  10 cane toads
  Maggie (D:9)
  8 komodo dragons
  A yaktaur (shapeshifter) (D:8)
  3 polar bears (Lair:6)
  4 trolls
  Grinder (D:5)
  3 slime creatures (Lair:6)
  17 blink frogs
  7 dream sheep (Lair:6)
  Sigmund (D:5)
  7 wraiths
  35 yaks
  5 wyverns
  Eustachio (D:4)
  3 hogs (D:9)
  A human (D:9)
  3 basilisks
  5 vampire mosquitoes (D:11)
  4 steam dragons
  Edmund (D:4)
  2 wargs
  An acid dragon (D:7)
  23 water moccasins
  6 ice beasts
  A swamp drake (D:11)
  4 black bears
  17 orc warriors
  2 sky beasts
  13 wolves
  2 ogres
  12 centaurs
  3 kobold brigands
  2 gnoll sergeants
  12 bullfrogs
  7 scorpions
  A water moccasin zombie (D:7)
  The ghost of Corinon the Covert, a weakling GnDe (D:5)
  16 killer bees
  8 wights
  2 howler monkeys (D:9)
  3 electric eels
  8 centaur zombies
  A bullfrog zombie (D:5)
  2 hounds (D:5)
  3 jellies
  14 orc priests
  A bullfrog skeleton (D:4)
  An iron imp (D:6)
  An iguana (D:3)
  Terence (D:2)
  10 orc wizards
  6 hell rats (Lair:6)
  A howler monkey zombie (D:9)
  16 gnolls
  A howler monkey skeleton (D:7)
  24 adders
  2 white imps
  An adder skeleton (D:4)
  2 worms
  3 dart slugs
  66 orcs
  4 ball pythons
  5 bats
  6 endoplasms
  7 giant cockroaches
  9 hobgoblins
  5 jackals
  3 quokkas (D:1)
  3 frilled lizards
  13 goblins
  24 kobolds
  3 rats
  2 bushes (Lair:1)
561 creatures vanquished.

Vanquished Creatures (others)
  A wizard (D:8)
  2 gnolls (D:8)
  A bush (Lair:1)
  41 fungi
  64 plants
  A withered plant (Lair:5)
110 creatures vanquished.

Grand Total: 671 creatures vanquished

Notes
Turn   | Place    | Note
-------+----------+-------------------------------------------
     0 | D:1      | sasquatch the Minotaur Berserker began the quest for the
                  | Orb.
     0 | D:1      | Reached XP level 1. HP: 19/19 MP: 0/0
    87 | D:1      | Reached skill level 4 in Long Blades
    94 | D:1      | Reached XP level 2. HP: 16/26 MP: 1/1
   441 | D:1      | Reached skill level 5 in Long Blades
   505 | D:1      | Found a faded altar of an unknown god.
   672 | D:1      | Reached XP level 3. HP: 24/31 MP: 2/2
   758 | D:2      | Reached ** piety under Trog
   814 | D:2      | Found Tanoqiaf's Book Shoppe.
  1359 | D:2      | Noticed Terence
  1367 | D:2      | Killed Terence
  1368 | D:2      | Reached skill level 6 in Long Blades
  1368 | D:2      | Reached XP level 4. HP: 4/39 MP: 3/3
  2079 | D:3      | Reached XP level 5. HP: 45/45 MP: 4/4
  2089 | D:3      | Reached skill level 7 in Long Blades
  2750 | D:4      | Noticed Edmund
  2759 | D:4      | Killed Edmund
  2760 | D:4      | Reached skill level 8 in Long Blades
  2760 | D:4      | Reached XP level 6. HP: 51/51 MP: 5/5
  2811 | D:4      | Found a shadowy altar of Dithmenos.
  3088 | D:4      | Reached *** piety under Trog
  3131 | D:4      | Reached skill level 9 in Long Blades
  3290 | D:4      | Noticed Eustachio
  3298 | D:4      | Killed Eustachio
  3299 | D:4      | Reached XP level 7. HP: 57/57 MP: 6/6
  3303 | D:4      | Reached skill level 10 in Long Blades
  3574 | D:4      | Found a hazy altar of Hepliaklqana.
  4067 | D:5      | Entered Level 5 of the Dungeon
  4067 | D:5      | Noticed Grinder
  4074 | D:5      | Killed Grinder
  4075 | D:5      | Reached skill level 11 in Long Blades
  4306 | D:5      | Found a runed translucent gate.
  4307 | D:5      | Found a runed translucent gate.
  4308 | D:5      | Found a runed translucent gate.
  4310 | D:5      | Noticed Corinon's ghost (weakling GnDe)
  4355 | D:5      | Noticed Sigmund
  4364 | D:5      | Killed Sigmund
  4365 | D:5      | Reached XP level 8. HP: 64/64 MP: 7/7
  4459 | D:5      | Reached skill level 12 in Long Blades
  4600 | D:5      | Found a shimmering blue altar of Sif Muna.
  5096 | D:5      | Reached skill level 13 in Long Blades
  5102 | D:5      | Killed Corinon's ghost
  5343 | D:6      | Reached **** piety under Trog
  5661 | D:6      | Reached XP level 9. HP: 70/70 MP: 8/8
  5790 | D:6      | Reached skill level 14 in Long Blades
  5800 | D:6      | Found a snail-covered altar of Cheibriados.
  6304 | D:7      | Found a staircase to the Ecumenical Temple.
  6436 | D:7      | Reached skill level 15 in Long Blades
  6870 | D:7      | Found a white marble altar of Elyvilon.
  7112 | D:7      | Reached skill level 16 in Long Blades
  7434 | D:8      | Reached XP level 10. HP: 79/79 MP: 9/9
  7557 | D:8      | Reached skill level 5 in Armour
  7600 | D:8      | Found an opulent altar of Gozag.
  7628 | D:8      | Reached ***** piety under Trog
  7676 | D:8      | Reached skill level 5 in Fighting
  8057 | D:8      | Noticed Psyche
  8075 | D:8      | Killed Psyche
  8163 | D:8      | Found a staircase to the Lair.
  8176 | D:8      | Noticed a two-headed ogre
  8183 | D:8      | Killed a two-headed ogre
  8422 | D:8      | Found a bloodstained altar of Trog.
  8423 | D:8      | Noticed a wizard
  8429 | D:8      | Killed a wizard
  8621 | D:9      | Noticed Maurice
  8652 | D:9      | Killed Maurice
  9264 | D:9      | Noticed Maggie
  9273 | D:9      | Killed Maggie
  9274 | D:9      | Reached XP level 11. HP: 92/92 MP: 10/10
  9417 | D:9      | Noticed a two-headed ogre
  9426 | D:9      | Killed a two-headed ogre
  9427 | D:9      | Reached skill level 10 in Armour
  9913 | D:10     | Entered Level 10 of the Dungeon
 10045 | D:10     | Noticed Josephine
 10060 | D:10     | Killed Josephine
 10320 | D:10     | Found Qitihud's Assorted Antiques.
 10644 | D:10     | Found an iron altar of Okawaru.
 11294 | D:11     | Noticed a two-headed ogre
 11300 | D:11     | Killed a two-headed ogre
 11389 | D:11     | Noticed a boulder beetle
 11411 | D:11     | Killed a boulder beetle
 11745 | D:11     | Noticed Sonja
 11755 | D:11     | Killed Sonja
 11756 | D:11     | Reached skill level 10 in Fighting
 12068 | D:11     | Received a gift from Trog
 12112 | D:11     | Found a staircase to the Orcish Mines.
 12290 | D:11     | Reached XP level 12. HP: 96/106 MP: 11/11
 12464 | D:11     | Noticed Erica
 12475 | D:10     | Killed Erica
 13127 | Lair:1   | Entered Level 1 of the Lair of Beasts
 13132 | Lair:1   | You are sucked into a shaft and drop 1 floor!
 14191 | Lair:2   | Noticed a five-headed hydra
 14197 | Lair:2   | Killed a two-headed hydra
 14477 | Lair:3   | Found a hole to the Spider Nest.
 16921 | Lair:3   | Reached skill level 17 in Long Blades
 17058 | Lair:4   | Noticed a five-headed hydra
 17065 | Lair:4   | Identified the +7 glaive of Death {vorpal, Will+ Str+6}
                  | (Trog gifted it to you on level 4 of the Lair of Beasts)
 17065 | Lair:4   | Received a gift from Trog
 17066 | Lair:4   | Reached XP level 13. HP: 105/119 MP: 12/12
 17988 | Lair:4   | Found a staircase to the Shoals.
 18004 | Lair:4   | Reached skill level 15 in Armour
 18006 | Lair:4   | Identified the ring "Guvvaduc" {rF+ Dex+4}
 18790 | Lair:5   | Found a runed translucent gate.
 18790 | Lair:5   | Found a runed translucent gate.
 18919 | Lair:5   | Found a runed translucent gate.
 19375 | Lair:5   | Reached skill level 18 in Long Blades
 19732 | Lair:5   | Noticed Jeban's ghost (journeyman OpFi)
 19732 | Lair:5   | Noticed Kaofid's ghost (journeyman GrEE)
 19812 | Lair:5   | Killed Kaofid's ghost
 19823 | Lair:5   | Killed Jeban's ghost
 19948 | Lair:6   | Entered Level 6 of the Lair of Beasts
 21161 | Lair:6   | Reached XP level 14. HP: 108/130 MP: 13/13
 21205 | Lair:6   | Reached skill level 19 in Long Blades
 21745 | Lair:6   | Received a gift from Trog
 21812 | Lair:6   | Found a staircase to the Slime Pits.
 23282 | Orc:1    | Entered Level 1 of the Orcish Mines
 24050 | Orc:2    | Entered Level 2 of the Orcish Mines
 24571 | Orc:2    | Found a staircase to the Elven Halls.
 24573 | Orc:2    | Noticed Saint Roka
 24626 | Orc:2    | Reached ****** piety under Trog
 24629 | Orc:2    | Received a gift from Trog
 24630 | Orc:2    | HP: 1/133 [orc warrior (26)]
 24668 | Orc:2    | Shot with a bolt by an orc warrior

Illustrated notes

Levels and vault maps discovered:
D:1:      giann_horns, layout_rooms,
          dreamdust_ecumenical_altar_angels_and_demons
D:2:      layout_rooms, serial_shops, shop_statue, uniq_terence
D:3:      layout_basic
D:4:      corexii_shantytown, layout_rooms, nicolae_dithmenos_shadow_blocks,
          lemuel_tele_altar, minmay_misc_feat_hallway, minivault_5, uniq_edmund,
          uniq_eustachio
D:5:      wad_lake_hut, layout_basic, lemuel_round_altar, gammafunk_ghost_split,
          uniq_grinder, uniq_sigmund
D:6:      layout_basic, chei_slow_surprise
D:7:      layout_basic, elyvilon_altar_3, minmay_temple_entry_poolview,
          minmay_fractal_squares_gapless_5
D:8:      layout_gridville, trog_wizard, mainiacjoe_overflow_alcove_1,
          lair_entry_dummy, uniq_psyche
D:9:      layout_basic, grunt_livestock, uniq_maurice, uniq_maggie
D:10:     layout_basic, mainiacjoe_overflow_small_starburst, serial_shops,
          kennysheep_mini, uniq_josephine
D:11:     layout_stronghold, erik_orc_1, moated_statue, uniq_erica, uniq_sonja
Lair:1:   layout_loops_ring, grunt_forest_stairs_basic, minmay_hedge_maze,
          grunt_megastairs_2, minmay_lair_oklob_chamber, serial_bayou_shore_b
Lair:2:   layout_misc_corridors, serial_bayou_shore_a
Lair:3:   dpeg_oklob_gauntlet, layout_cave_shapes,
          nicolae_spider_entry_non_spiders
Lair:4:   layout_gridlike, shoals_dummy_entry, grunt_megastairs_4,
          infiniplex_staircase_pool_2
Lair:5:   lemuel_reptile_caves, layout_regular_city, gammafunk_ghost_cemetery
Lair:6:   grunt_lair_end_beastmaster, layout_cellular_growth,
          minmay_slime_entry_pillars
Orc:1:    layout_diamond_mine, serial_shops, shop, nicolae_orc_damp_corner,
          nicolae_orc_pool_cavern, uniq_erolcha
Orc:2:    st_orc_rangers, layout_diamond_mine, basic_altar, uniq_saint_roka

Skill      XL: |  1  2  3  4  5  6  7  8  9 10 11 12 13 14 |
---------------+-------------------------------------------+-----
Long Blades    | 4 5 6 8 9 11 13 16 17 18 19 | 19.9
Armour         | 4 9 13 14 15 16 | 16.4
Fighting       | 4 7 10 12 13 14 | 14.7
Dodging        | |  2.1

Action                   |  1- 3 |  4- 6 |  7- 9 | 10-12 | 13-15 || total
-------------------------+-------+-------+-------+-------+-------++-------
Melee: Falchion          |    70 |   138 |   279 |    89 |       ||   576
       Headbutt          |    14 |    21 |    56 |   158 |   199 ||   448
       Long sword        |       |       |       |   285 |       ||   285
       Scimitar          |       |       |       |   302 |   614 ||   916
Throw: Dart              |       |       |       |     1 |       ||     1
Invok: Berserk           |     1 |     4 |     8 |    14 |     6 ||    33
       Trog's Hand       |       |       |       |     1 |     1 ||     2
       Brothers in Arms  |       |       |       |     1 |       ||     1
  Use: Scroll            |       |       |       |    23 |    12 ||    35
       Potion            |       |       |       |     1 |     5 ||     6
 Stab: Invisible         |       |       |       |       |     4 ||     4
       Petrified         |       |       |       |       |     3 ||     3
Armor: Animal skin       |    11 |       |       |       |       ||    11
       Scale mail        |       |    41 |    99 |   205 |       ||   345
       Plate armour      |       |       |       |    76 |   421 ||   497
Dodge: Dodged            |    44 |    70 |   125 |   256 |   226 ||   721
       Rpst.: Falchion   |    12 |    14 |    33 |     9 |       ||    68
       Long sword        |       |       |       |    25 |       ||    25
       Scimitar          |       |       |       |    33 |    56 ||    89
